 Dungeon Crawl Stone Soup version 0.30-a0-218-gedb9141078 (webtiles) character file.

Game seed: 1572167501226436937

106 ryw the Slasher (level 5, -1/41 HPs)
             Began as a Human Fighter on Oct 5, 2022.
             Slain by a gnoll
             ... wielding a +0 spear
             ... led by a gnoll bouda
              (3 damage)
             ... on level 3 of the Dungeon.
             The game lasted 00:03:17 (1784 turns).

ryw the Slasher (Human Fighter)                     Turns: 1784, Time: 00:03:17

Health: -1/41      AC: 12    Str: 16    XL:     5   Next: 10%
Magic:  5/5        EV:  8    Int:  9    God:
Gold:   67         SH:  5    Dex: 14    Spells: 4/4 levels left

rFire   . . .      SeeInvis .    a - +0 long sword
rCold   + . .      Faith    .    c - +0 buckler
rNeg    + . .      Spirit   .    b - +0 scale mail
rPois   .          Reflect  .    y - +0 helmet
rElec   .          Harm     .    k - +0 cloak
rCorr   .          Rampage  .    e - +1 pair of gloves
Will    .....                    A - +0 pair of boots
Stlth   ..........               (no amulet)
HPRegen 0.26/turn                l - ring of protection from cold
MPRegen 0.09/turn                q - ring of positive energy

@: weakened
A: no striking features
a: no special abilities


You were on level 3 of the Dungeon.
You visited 1 branch of the dungeon, and saw 3 of its levels.

You collected 67 gold pieces.

Inventory:

Hand Weapons
 a - a +0 long sword (weapon)
Armour
 b - a +0 scale mail (worn)
 c - a +0 buckler (worn)
 e - a +1 pair of gloves (worn)
 k - a +0 cloak (worn)
 v - a +0 tower shield
 y - a +0 helmet (worn)
 A - a +0 pair of boots (worn)
Jewellery
 l - a ring of protection from cold (left hand)
 q - a ring of positive energy (right hand)
 u - an amulet of guardian spirit
Wands
 p - a wand of roots (4)
Scrolls
 g - 3 scrolls of vulnerability {unknown}
 i - 2 scrolls of identify {unknown}
 r - a scroll of summoning {unknown}
 s - a scroll of teleportation {unknown}
Potions
 d - a potion of might
 f - a potion of heal wounds {unknown}
 h - a potion of degeneration {unknown}
 j - 3 potions of cancellation {unknown}
 m - 2 potions of curing {unknown}
 n - a potion of attraction {unknown}
 o - a potion of mutation {unknown}
 t - 2 potions of brilliance {unknown}
 w - a potion of lignification {unknown}
 x - 2 potions of ambrosia {unknown}
 z - a potion of invisibility {unknown}
 B - a potion of resistance {unknown}


   Skills:
 + Level 3.1 Fighting
 * Level 4.6 Long Blades
 + Level 3.1 Armour
 + Level 3.1 Shields


You had 4 spell levels left.
You didn't know any spells.
Your spell library contained the following spells:

 Spells                   Type           Power      Damage    Failure   Level
 Necrotise                Necr           0%         1d4       88%         1
 Vampiric Draining        Necr           0%         2d6       99%         3
 Agony                    Necr           0%         N/A       100%        5


Dungeon Overview and Level Annotations

Branches:
Dungeon (3/15)

Altars:
Wu Jian
The Shining One


Message History

The gnoll bouda hits you but does no damage.
The gnoll barely misses you.
You hit the gnoll bouda.
The gnoll bouda is moderately wounded.
The gnoll bouda hits you with a +0 club!
The gnoll hits you but does no damage. x2
You hit the gnoll bouda.
The gnoll bouda is heavily wounded.
You block the gnoll bouda's attack.
The gnoll hits you from afar with a +0 halberd.
The gnoll hits you but does no damage.
You hit the gnoll bouda.
The gnoll bouda is almost dead.
The gnoll bouda barks out a call to the hunt!
The gnolls pick up the pace!
The gnoll throws a throwing net.
The throwing net hits you.
You become entangled in the net!
The gnoll hits you but does no damage.
You tear a large gash into the net.
The gnoll bouda hits you with a +0 club.
The gnoll hits you from afar with a +0 halberd.
The gnoll hits you from afar with a +0 spear.
You struggle against the net.
The gnoll bouda hits you but does no damage.
The gnoll hits you from afar with a +0 halberd!
* * * LOW HITPOINT WARNING * * *
The gnoll hits you but does no damage.
You rip the net and break free!
You block the gnoll bouda's attack.
The gnoll hits you from afar with a +0 halberd.
* * * LOW HITPOINT WARNING * * *
The gnoll barely misses you.
Unknown command.
You hit the gnoll bouda but do no damage.
The gnoll bouda is almost dead.
The gnoll bouda gazes fiercely through you!
You feel your attacks grow feeble. You block the gnoll bouda's attack.
The gnoll hits you from afar with a +0 halberd.
* * * LOW HITPOINT WARNING * * *
The gnoll hits you from afar with a +0 spear.
You die...

#.....≈≈≈≈≈.# #.
#.≈≈≈≈ ...≈.# . #
#.≈...###.≈.#
.#.≈.#.≈.##._#.≈.#
...≈.#.≈.#...#.≈.#
#.#.≈.#.≈...≈.#.≈.
#.#.≈.#.≈_.≈≈.#.≈.
#g#.≈.#.≈≈≈...#.≈.
#@#g≈.#....####.≈.
#.#.≈.#####.....≈.
#gg.≈......≈≈≈≈≈≈.
##.)≈≈≈≈≈≈≈.......
#..(......#######
#....###### ######


You could see a gnoll bouda and 2 gnolls.

Vanquished Creatures
  Robin (D:3)
  2 adders (D:2)
  3 dart slugs (D:1)
  An orc (D:3)
  4 ball pythons
  4 endoplasms
  2 giant cockroaches
  14 goblins
  8 hobgoblins
  6 jackals
  4 kobolds
  6 quokkas
  A bat (D:1)
  2 frilled lizards (D:1)
  3 rats
61 creatures vanquished.

Notes
Turn   | Place    | Note
-------+----------+-------------------------------------------
     0 | D:1      | ryw the Human Fighter began the quest for the Orb.
     0 | D:1      | Reached XP level 1. HP: 18/18 MP: 1/1
    75 | D:1      | Reached XP level 2. HP: 16/24 MP: 2/2
   219 | D:1      | Reached skill level 3 in Long Blades
   365 | D:1      | Reached XP level 3. HP: 29/29 MP: 3/3
   797 | D:2      | Found a faded altar of an unknown god.
   838 | D:2      | Reached skill level 4 in Long Blades
   838 | D:2      | Reached XP level 4. HP: 35/35 MP: 4/4
  1489 | D:3      | Noticed Robin
  1504 | D:3      | Killed Robin
  1505 | D:3      | Reached XP level 5. HP: 36/41 MP: 5/5
  1752 | D:3      | Found a glowing golden altar of the Shining One.
  1755 | D:3      | Found an ornate altar of the Wu Jian Council.
  1784 | D:3      | HP: 2/41 [gnoll/+0 halberd[a gnoll bouda] (4)]
  1784 | D:3      | Slain by a gnoll

Illustrated notes

Levels and vault maps discovered:
D:1:      minmay_arrival_up_and_down, layout_loops_ring
D:2:      layout_rooms, ebering_ecumenical_altar_ruins, minivault_11,
          nicolae_figureground_sparkle
D:3:      layout_basic, nicolae_overflow_squiral, uniq_robin

Skill      XL: |  1  2  3 |
---------------+----------+-----
Long Blades    | 3 4 |  4.6
Fighting       | |  3.1
Armour         | |  3.1
Shields        | |  3.1

Action                   |  1- 3 |  4- 6 || total
-------------------------+-------+-------++-------
Melee: Long sword        |    94 |    92 ||   186
Armor: Scale mail        |    53 |    57 ||   110
Dodge: Dodged            |    39 |    34 ||    73
Block: Buckler           |    31 |    26 ||    57

Table legend: (Time is in decaauts)
 A = Elapsed time spent in this place.
 B = Non-inter-level travel time spent in this place.
 C = Inter-level travel time spent in this place.
 D = Time resting spent in this place.
 E = Time spent auto-exploring this place.
 F = Levels seen in this place.
 G = Mean time per level.
                   A        B        C        D        E       F      G
               +--------+--------+--------+--------+--------+-----+--------+
         Total |   1829 |   1776 |     53 |     31 |   1217 |   3 |  609.7 |
       Dungeon |   1829 |   1776 |     53 |     31 |   1217 |   3 |  609.7 |
               +--------+--------+--------+--------+--------+-----+--------+

Top non-repeatable levels by time:
     D:1: 799 daAuts
     D:2: 551 daAuts
     D:3: 478 daAuts
